Cogmind - Beta 13 @@@ ROGUE MODE // 2024.04.15 @ 08:59:35 Player: sordeles Result: Destroyed by G-47 Trooper with Particle Gun Performance ------------- Evolutions (2) 1000 Regions Visited (4) 800 Robots Destroyed (55) 275 Value Destroyed (1255) 1255 Prototype IDs (0) 0 Alien Tech Used (0) 0 Bonus (76) 76 TOTAL SCORE: 3406 Bonus ------- High Alert Combat Kills 46 Follower Combat Kills 30 Cogmind --------- Core Integrity 0/550 Matter 169/300 Energy 100/100 System Corruption 1% Temperature Cool (9) Movement Core (400) Ox7 Location -8/Materials Parts ------- > --- POWER (1) -------- (None) > --- PROPULSION (4) --- (None) > --- UTILITY (3) ------ Large Storage Unit > --- WEAPON (3) ------- Mining Claw > --- INVENTORY (15) --- Large Storage Unit Medium Matter Pod (100) Subdweller Optics Peak State ------------ > --- POWER ------------ Light Nuclear Core > --- PROPULSION ------- Carbon-fiber Leg Carbon-fiber Leg Carbon-fiber Leg Carbon-fiber Leg > --- UTILITY ---------- Improved Heat Sink Large Storage Unit Makeshift Light Armor Plating > --- WEAPON ----------- Subdweller Beam Cannon Barrage Gun Gauss Rifle > --- INVENTORY -------- Light Nuclear Core Aluminum Leg Aluminum Leg Subdweller Monowheel Improved Heat Sink Large Storage Unit Medium Matter Pod Subdweller Optics Grenade Launcher Datajack Mining Claw [Rating: 33] Favorites ----------- Power Ion Engine Engine Ion Engine Power Core Light Nuclear Core Propulsion Light Treads Treads Light Treads Leg Carbon-fiber Leg Wheel Wheel Utility Large Storage Unit Device Improved Heat Sink Storage Large Storage Unit Protection Light Armor Plating Weapon Assault Rifle Energy Gun Medium Laser Energy Cannon Subdweller Beam Cannon Ballistic Gun Assault Rifle Ballistic Cannon Light Cannon Launcher Grenade Launcher Slashing Weapon Mining Claw Special Melee Weapon Datajack Build | -11 -10 -10 -10 -8 ------- Run | Yrd Mat Min Sub Mat Slots Evolved 4 | . . . . 4 Power . | . . . . . Propulsion 2 | . . . . 2 Utility 1 | . . . . 1 Weapon 1 | . . . . 1 Parts Attached 58 | 5 16 7 11 19 Power 7 | 1 1 2 1 2 Engine 4 | 1 1 1 1 . Core 3 | . . 1 . 2 Reactor . | . . . . . Propulsion 17 | 2 2 1 1 11 Treads 6 | . 2 1 1 2 Leg 8 | . . . . 8 Wheel 3 | 2 . . . 1 Hover . | . . . . . Flight . | . . . . . Utility 9 | . 5 . 2 2 Device 6 | . 3 . 1 2 Storage 1 | . 1 . . . Processor . | . . . . . Hackware . | . . . . . Protection 2 | . 1 . 1 . Artifact . | . . . . . Weapon 25 | 2 8 4 7 4 Energy Gun 4 | 1 2 1 . . Energy Cannon 2 | . . . 1 1 Ballistic Gun 9 | 1 2 1 4 1 Ballistic Cannon 1 | . 1 . . . Launcher 7 | . 2 2 2 1 Special Weapon . | . . . . . Impact Weapon . | . . . . . Slashing Weapon 1 | . . . . 1 Piercing Weapon . | . . . . . Special Melee Weapon 1 | . 1 . . . Unidentified Prototypes . | . . . . . Parts Lost 22 | . . 1 2 19 Power 3 | . . . 1 2 Propulsion 10 | . . 1 . 9 Utility 3 | . . . . 3 Weapon 6 | . . . 1 5 Highest Loss Streak 16 | . . 1 2 16 To Critical Strikes . | . . . . . Average Slot Usage (%) 98 | . 99 99 99 82 Engine 8 | . 14 1 7 4 Core 4 | . . 12 6 3 Treads 24 | . 22 27 28 12 Leg 1 | . . . . 15 Wheel 2 | . 5 . . . Device 6 | . 6 . 9 7 Storage 13 | . 13 14 14 9 Protection 7 | . 7 14 4 7 Energy Gun 8 | . 9 13 5 . Ballistic Gun 16 | . 13 13 21 13 Ballistic Cannon 1 | . 4 . . . Naked Turns . | . . . . . Heaviest Build 45 | 6 34 32 36 45 Greatest Support 80 | 20 40 40 40 80 Greatest Overweight (x) 10 | . 10 . . 9 Average Overweight (x) . | . . . . . Largest Inventory Capacity 15 | 5 15 15 15 15 Average Capacity 14 | 5 14 15 15 15 Most Carried 15 | . 14 15 15 12 Average Carried 10 | . 9 12 11 8 Final Capacity 15 | 5 15 15 15 15 Final Carried 14 | . 13 14 12 3 Class Distribution -------------------- 90% | Mutant 4% | Derelict-Mutant Dominant Class ---------------- Mutant | -10/Materials Mutant | -10/Mines Mutant | -10/Subcaves Derelict-Tank | -8/Materials Resources | -11 -10 -10 -10 -8 ----------- Run | Yrd Mat Min Sub Mat Matter Collected 1463 | 271 419 283 311 179 Remotely . | . . . . . Salvage Created 1476 | 37 475 256 298 410 Parts 106 | 2 40 18 18 28 Haulers Intercepted . | . . . . . Recyclers Shooed 2 | . . 1 . 1 Parts Field Recycled . | . . . . . Retrieved Matter . | . . . . . Parts Self-Destructed 9 | . . . 9 . Prevented . | . . . . . Kills | -11 -10 -10 -10 -8 ------- Run | Yrd Mat Min Sub Mat Combat Hostiles Destroyed 46 | 1 13 10 10 12 Guns 30 | 1 5 8 10 6 Cannons 10 | . 6 . . 4 AOE 6 | . 2 2 . 2 Classes Destroyed 9 | 1 5 1 1 1 Worker 2 | . 1 . . 1 Builder 2 | . . 1 . 1 Recycler 1 | . 1 . . . Operator 1 | . 1 . . . Watcher 3 | . 3 . . . Swarmer 23 | . 6 6 4 7 Grunt 16 | 1 7 4 . 4 Hunter 1 | . . . . 1 Subdweller 6 | . . . 6 . Best Kill Streak 7 | 1 7 4 2 6 Combat Bots Only 5 | 1 3 3 2 5 Max Kills in Single Turn 2 | 1 2 2 1 2 Gunslinging . | . . . . . Exploded 2 | . 1 2 . 1 Melee . | . . . . . Uniques/NPCs Destroyed . | . . . . . Combat | -11 -10 -10 -10 -8 -------- Run | Yrd Mat Min Sub Mat Hostile Shots Fired 433 | 9 39 62 109 214 Missed 131 | . 11 20 45 55 Damage Taken 3766 | 95 299 432 614 2326 Core 771 | 20 44 66 86 555 Absorbed by Shields . | . . . . . Core Remaining (%) 52 | 92 . . 13 . Volleys Fired 124 | 7 29 28 34 26 Largest 3 | 2 2 2 2 3 Hottest 138 | 60 60 70 80 138 Shots Fired 257 | 14 57 57 68 61 Gun 197 | 14 31 53 62 37 Cannon 42 | . 22 . . 20 Launcher 18 | . 4 4 6 4 Special . | . . . . . Kinetic 165 | 7 49 26 46 37 Thermal 74 | 7 4 27 16 20 Explosive 18 | . 4 4 6 4 Electromagnetic . | . . . . . Robot Hit Streak 9 | 4 7 7 5 9 Robot Miss Streak 5 | 2 4 3 5 2 Penetration Max 1 | . . . . 1 Secondary Targets 1 | . . 1 . . Max Gunslinging Chain 1 | . . 1 . . Shots Hit Robots 145 | 9 34 32 30 40 Core Hits 82 | 2 20 18 16 26 Critical Kills 2 | . . . 1 1 Critical Parts Destroyed . | . . . . . Critical Strikes 4 | . . . 3 1 Burn 2 | . . . 2 . Destroy 2 | . . . 1 1 Melee Attacks 3 | . . . . 3 Impact . | . . . . . Slashing 3 | . . . . 3 Piercing . | . . . . . Sneak Attacks . | . . . . . Combat Hostiles . | . . . . . Follow-up Attacks . | . . . . . Damage Inflicted 3680 | 120 687 557 668 1648 Guns 1805 | 120 244 377 546 518 Cannons 608 | . 225 . . 383 Explosions 1219 | . 218 180 122 699 Melee 48 | . . . . 48 Ramming . | . . . . . Kinetic 1679 | 52 446 205 458 518 Thermal 734 | 68 23 172 88 383 Explosive 1219 | . 218 180 122 699 Electromagnetic . | . . . . . Impact . | . . . . . Slashing 48 | . . . . 48 Piercing . | . . . . . Highest Corruption 1 | . 1 1 1 1 Average Corruption 1 | . 1 1 1 1 Corruption Purged . | . . . . . Corruption Blocked . | . . . . . Effects 17 | . 6 7 4 . Message Errors 2 | . . 1 1 . Matter Fused 4 | . 1 2 1 . Energy Discharges 1 | . 1 . . . Data Loss (minor) 6 | . 3 2 1 . Data Loss (major) 3 | . 1 1 1 . Misfires 1 | . . 1 . . Overload Shots . | . . . . . Overflow Damage 87 | . 51 22 . 14 Projectiles 16 | . 13 . . 3 Explosions 71 | . 38 22 . 11 Melee . | . . . . . Knockbacks 2 | . 2 . . . Impact . | . . . . . Kinetic 1 | . 1 . . . Secondary 1 | . 1 . . . Self-Inflicted Damage 60 | . . 17 23 20 Shots 4 | . . 1 1 2 Rammed . | . . . . . Targets Rammed . | . . . . . Kicked . | . . . . . Crushed . | . . . . . Highest Temperature 424 | 54 54 315 . 424 Average Temperature 125 | 32 27 107 . 181 Received Heat Transfer 1728 | 54 93 141 216 1224 Effects 6 | . . 2 . 4 Shutdowns 1 | . . . . 1 Energy Bleed 1 | . . . . 1 Interference 2 | . . 2 . . Matter Decay 1 | . . . . 1 Damage (minor) 1 | . . . . 1 Siege Activations . | . . . . . Robots Corrupted . | . . . . . Combat Hostiles . | . . . . . Parts Fried . | . . . . . Impact Corruptions . | . . . . . Robots Melted . | . . . . . Combat Hostiles . | . . . . . Parts Melted 1 | . . 1 . . Heat Transferred 1643 | 150 50 518 407 518 Parts Sabotaged . | . . . . . Parts Stolen . | . . . . . Parts Stripped . | . . . . . Power Chain Reactions . | . . . . . Alert | -11 -10 -10 -10 -8 ------- Run | Yrd Mat Min Sub Mat Peak Influence 566 | 20 259 185 . 566 Initial 308 | . 13 . . 308 Average 84 | 2 52 44 . 425 Maximum Alert Level 2 | . 1 . . 2 Low Security (%) 89 | 100 98 100 . . Level 1 3 | . 1 . . 33 Level 2 6 | . . . . 66 Level 3 . | . . . . . Level 4 . | . . . . . Level 5 . | . . . . . High Security . | . . . . . Max Security . | . . . . . Squads Dispatched 3 | . 2 . . 1 Investigation . | . . . . . Extermination . | . . . . . Reinforcement 3 | . 2 . . 1 Assault . | . . . . . Garrison . | . . . . . Intercept . | . . . . . Searches Triggered . | . . . . . Construction Impeded . | . . . . . Haulers Reinforced . | . . . . . Active Scanning Responses . | . . . . . Cargo Convoy Interrupts . | . . . . . Stealth | -11 -10 -10 -10 -8 --------- Run | Yrd Mat Min Sub Mat Distress Signals . | . . . . . Communications Jammed . | . . . . . Distress Signals . | . . . . . Times Spotted 94 | 1 18 10 47 18 Peak Tracking Total 9 | 1 4 3 6 9 Tactical Retreats 6 | . . . 6 . Traps | -11 -10 -10 -10 -8 ------- Run | Yrd Mat Min Sub Mat Traps Triggered 5 | . 3 . 1 1 Indirectly . | . . . . . Trap Hack Attempts . | . . . . . Triggered . | . . . . . Disarmed . | . . . . . Reprogrammed . | . . . . . Reused . | . . . . . Traps Extracted . | . . . . . Installed . | . . . . . Triggered . | . . . . . Most Traps Carried 2 | . . 2 2 . Machines | -11 -10 -10 -10 -8 ---------- Run | Yrd Mat Min Sub Mat Machines Disabled 5 | . . . 4 1 Max in Single Turn 2 | . . . 2 1 Machines Repaired . | . . . . . Machines Dismantled . | . . . . . Machines Sabotaged . | . . . . . Overloaded Fab Kills . | . . . . . Hacking | -11 -10 -10 -10 -8 --------- Run | Yrd Mat Min Sub Mat Machines Accessed 6 | . 4 1 . 1 Terminals 3 | . 1 1 . 1 Fabricators . | . . . . . Repair Stations 1 | . 1 . . . Recycling Units 2 | . 2 . . . Scanalyzers . | . . . . . Garrison Access . | . . . . . Total Hacks 15 | . 9 2 . 4 Successful 7 | . 4 1 . 2 Failed 8 | . 5 1 . 2 Catastrophic . | . . . . . Database Lockouts . | . . . . . Manual . | . . . . . Terminals 10 | . 4 2 . 4 Fabricators . | . . . . . Repair Stations 1 | . 1 . . . Recycling Units 4 | . 4 . . . Scanalyzers . | . . . . . Garrison Access . | . . . . . Terminal Hacks 4 | . 1 1 . 2 Alert Level 2 | . 1 . . 1 Zone Layout 2 | . . 1 . 1 Fabricator Hacks . | . . . . . Repair Station Hacks . | . . . . . Recycling Unit Hacks 3 | . 3 . . . Report Inventory 3 | . 3 . . . Scanalyzer . | . . . . . Garrison Access Hacks . | . . . . . Unauthorized Hacks . | . . . . . Terminals . | . . . . . Fabricators . | . . . . . Repair Stations . | . . . . . Recycling Units . | . . . . . Scanalyzers . | . . . . . Garrison Access . | . . . . . Data Cores Recovered 1 | . 1 . . . Used . | . . . . . Hacking Detections 5 | . 3 1 . 1 Full Trace Events 2 | . 2 . . . Feedback Events . | . . . . . Feedback Blocked . | . . . . . Robot Schematics Acquired . | . . . . . Robots Built . | . . . . . Authchips . | . . . . . Time . | . . . . . Total Robot Build Rating . | . . . . . Part Schematics Acquired . | . . . . . Parts Built . | . . . . . Authchips . | . . . . . Time . | . . . . . Total Part Build Rating . | . . . . . Parts Repaired . | . . . . . Time . | . . . . . Parts Recycled . | . . . . . Recycled Matter . | . . . . . Retrieved Matter . | . . . . . Retrieved Components . | . . . . . Parts Scanalyzed . | . . . . . Part Schematics Acquired . | . . . . . Parts Damaged . | . . . . . Bothacking | -11 -10 -10 -10 -8 ------------ Run | Yrd Mat Min Sub Mat Used RIF Installer . | . . . . . Robots Hacked . | . . . . . Non-combat . | . . . . . Combat . | . . . . . Robot Hacks Applied . | . . . . . Relay Couplers Released . | . . . . . Fabnet Peak Effective % . | . . . . . Robots Rewired . | . . . . . Allies Hacked . | . . . . . Hacks Repelled . | . . . . . Allies | -11 -10 -10 -10 -8 -------- Run | Yrd Mat Min Sub Mat Total Allies 1 | . . 1 . . Largest Group 1 | . . 1 1 . Highest-Rated Group 31 | . . 31 31 . Highest-Rated Ally 31 | . . 31 31 . Total Orders . | . . . . . Ally Attacks 15 | . . . 15 . Total Damage 170 | . . . 170 . Kills 1 | . . . 1 . Allies Corrupted . | . . . . . Allies Melted . | . . . . . Intel | -11 -10 -10 -10 -8 ------- Run | Yrd Mat Min Sub Mat Robot Analysis Total . | . . . . . Derelict Logs Recovered 1 | . . 1 . . Drone Launches . | . . . . . Drone Recoveries . | . . . . . Exploration | -11 -10 -10 -10 -8 ------------- Run | Yrd Mat Min Sub Mat Turns Passed 5026 | 76 2067 1045 1502 336 Spaces Moved 2909 | 66 1310 592 839 102 Core 28 | 18 1 . . 9 Treads 2455 | . 973 592 839 51 Legs 42 | . . . . 42 Wheels 384 | 48 336 . . . Hover . | . . . . . Flight . | . . . . . Fastest Speed 50 | 50 80 160 160 120 Average Speed 151 | 71 143 160 160 181 Slowest Speed 550 | 80 550 160 160 500 Overloaded Moves . | . . . . . Propulsion Burnouts . | . . . . . Robots Hopped . | . . . . . Cave-ins Triggered . | . . . . . Exploration Rate (%) 49 | 8 98 93 40 7 Regions Visited 4 Branch Regions 2 Pre-discovered Areas 1 | . . 1 . . Known Exits Taken . | . . . . . Unknown Exits Taken 4 | 1 1 1 1 . Scrap Searched 5 | . . 1 4 . Spaces Dug . | . . . . . Terrain Destroyed 76 | . 16 19 27 14 Melee . | . . . . . Projectile 7 | . . . 2 5 AOE 69 | . 16 19 25 9 Terrain Rammed . | . . . . . Walls Destroyed . | . . . . . Machines Disabled . | . . . . . Actions | -11 -10 -10 -10 -8 --------- Run | Yrd Mat Min Sub Mat Total 3303 | 77 1449 637 939 201 Wait 135 | . 68 . 27 40 Move 2905 | 65 1309 591 838 102 Hop . | . . . . . Pick Up 22 | . 9 3 8 2 Fast Attach 28 | 5 10 1 5 7 Attach 30 | . 6 6 6 12 Detach 33 | . 14 6 8 5 Swap . | . . . . . Drop 23 | . 4 2 13 4 Fire 124 | 7 29 28 34 26 Melee 3 | . . . . 3 Ram . | . . . . . Kick . | . . . . . Crush . | . . . . . Escape Stasis . | . . . . . Rewire . | . . . . . Trap . | . . . . . Miscellaneous . | . . . . . Route ------- -11/Scrapyard -10/Materials (discovered 4 exits: [*Mat x3] / *Min) -10/Mines (discovered 3 exits: [*Mat x2] / [*Sub]) -10/Subcaves (discovered 2 exits: *Mat / [*Rec]) -8/Materials History --------- Turn | Location | Event 2 | -11/Scrapyard | Met Revision 17 46 | -11/Scrapyard | Discovered new exit (range 8) 77 | -11/Scrapyard | Entered Materials 268 | -10/Materials | Discovered new exit (range 14) 332 | -10/Materials | Build established: Mutant 475 | -10/Materials | Discovered new exit (range 15) 642 | -10/Materials | Discovered new exit (range 16) 1003 | -10/Materials | Discovered new exit (range 15) 2144 | -10/Materials | Entered Mines 2327 | -10/Mines | Discovered new exit (range 20) 2802 | -10/Mines | Discovered new exit (range 9) 2821 | -10/Mines | Core integrity fell below 50% 2842 | -10/Mines | Escorted by a lone wolf Derelict 3091 | -10/Mines | Discovered new exit (range 11) 3115 | -10/Mines | Found a hidden stash of uninstalled traps 3189 | -10/Mines | Entered Subcaves 3189 | -10/Subcaves | Accompanied by 1 ally 3348 | -10/Subcaves | Discovered new exit (range 5) 3350 | -10/Subcaves | Shifting Twisted Machinery released Sub. Machine Gun 3359 | -10/Subcaves | Shifting Twisted Machinery released Sub. Beam Cannon 3360 | -10/Subcaves | Ambushed by swarm of Subdwellers 3411 | -10/Subcaves | Lost 3 allies 3759 | -10/Subcaves | Discovered new exit (range 13) 4322 | -10/Subcaves | Core integrity fell below 20% 4691 | -10/Subcaves | Entered Materials 4691 | -8/Materials | Evolved 4 slots: Propulsion x2, Utility x1, Weapon x1 4983 | -8/Materials | Core integrity fell below 50% 5017 | -8/Materials | Core integrity fell below 20% 5027 | -8/Materials | Destroyed by G-47 Trooper with Particle Gun Last Messages --------------- simultaneously, Aluminum Leg automatically deactivated. The unstable cave ceiling collapses. 12 Matter crushed. The unstable cave ceiling collapses. Sub. Monowheel destroyed. Aluminum Leg destroyed. Lgt. Nuclear Core destroyed. Imp. Heat Sink destroyed. Use the buttons at the bottom right of the parts list, or press c/e/w/q, to visualize various stats related to parts and inventory items. Aluminum Leg destroyed. Triggered Shock Trap. The floor emits a surge of raw power. System corrupted (+1). Terminal disabled. K-01 Serf collects debris. Critical hit (Burn: +37). K-01 Serf collects debris. Map ----- +----------------------------------------------------+ | ?????????????????????????????????????????????????? | | ?????????????????????????????????????????????????? | | ?????????????????????????????????????????????????? | | ?????????????????????????????????????????????????? | | ??????????????????????????????? #????????????????? | | ?????????????????????????????? #????????????????? | | ?????????? #?????????# #????????????????? | | ?????????? #?????????# #????????????????? | | ??????????#### #???????######+###########????????? | | ?????????????###???????# ????????? | | ????????????????######## ????????? | | ????????????????# == # ????????? | | ????????????????# o ##############????????? | | ??????????###???# #?????????????????????? | | ?????????? #???# * *%[ #??##########?????????? | | ?????????? #???# " | #??# #?????????? | | ?????????? #???# % * #??# """" #?????????? | | ?????????? ######= # g #??# """" #?????????? | | ?????????? # # ##?# """" #?????????? | | ?????????? # """%% ## #?# #?????????? | | ?????????? # """"%% ## k #?# """" #?????????? | | ?????????? # """"" + g #?# """" #?????????? | | ?????????? + """"" ## #?#! """" #?????????? | | ?????????? # """"" !## #?# #?????????? | | ??????????### """"" ####g###?#+###+#############? | | ????????????# """"" #??#@#???# #? | | ????????????# /#??# ##### #? | | ????????????##########??# #? | | ????????????????????????#########################? | | ?????????????????????????????????????????????????? | | ?????????????????????????????????????????????????? | | ?????????????????????????????????????????????????? | | ?????????????????????????????????????????????????? | | | | | | | | | | | | | | | | | | | | | | | | | | | | | | | | | | | +----------------------------------------------------+ Best States ------------- Heat Dissipation 45 Energy Generation 14 Energy Capacity 250 Matter Stores 300 Matter Capacity 300 Sight Range 16 Robot Scan Range 14 Terrain Scan Density 10 Armor Coverage 150 Evasion (%) 50 Recoil Reduction 4 Item Schematics ----------------- None Robot Schematics ------------------ None Fabricated ------------ Nothing Alien Tech Used ----------------- None Achievements -------------- Please Form A Line Challenges ------------ None Game ------ Seed SubatomicSigixLaser Manual? 0 Play Time 00:51:29 Cumulative 2.4 hours Start 2024.04.15 @ 08:10:38 End 2024.04.15 @ 08:59:35 Sessions 1 Manual Loads 0 Difficulty Rogue Special Mode None Game No. 4 Rogue 4 Adventurer 0 Explorer 0 Win Type - Total 0 Types 0/0/0/0/0/0/0/0/0 Lore% 0 Gallery% 6 Achievement% 2 Wizard Run 0 Options --------- Layout 1 ASCII 0 Keyboard 1 Movement Numpad Keybinds 0 Fullscreen 1 Font 32/Terminus Map View 50x35 Zoom Use 0% Tactical HUD 0 Map Filters NONE Filters NONE Steam 1 RUN: da769bc4-55d6-4de5-a834-f739d5da7eca